 Dungeon Crawl Stone Soup version 0.28.0-45-g0d030f2227 (webtiles) character file.

Game seed: 7170284439439284065

38 psko the Conjurer (level 3, -2/16 HPs)
             Began as a Spriggan Conjurer on Apr 4, 2022.
             Was a Follower of Kikubaaqudgha.
             Slain by a goblin
             ... wielding a +0 dagger
              (4 damage)
             ... on level 3 of the Dungeon.
             The game lasted 00:10:31 (1785 turns).

psko the Conjurer (Spriggan Conjurer)               Turns: 1785, Time: 00:10:34

Health: -2/16      AC:  2    Str:  9    XL:     3   Next: 25%
Magic:  8/8        EV: 17    Int: 19    God:    Kikubaaqudgha [*.....]
Gold:   99         SH:  0    Dex: 17    Spells: 6/7 levels left

rFire   . . .      SeeInvis +   n - +2 mace of Hacking and Slashing {flame, Str+4 Dex+4}
rCold   . . .      Faith    .   (no shield)
rNeg    . . .      Spirit   .   a - +0 robe
rPois   .          Reflect  .   (helmet restricted)
rElec   .          Harm     .   (no cloak)
rCorr   .          Rampage  .   (gloves unavailable)
Will    .....                   (boots unavailable)
Stlth   ++........              (no amulet)
HPRegen 0.05/turn               i - ring of see invisible
MPRegen 0.11/turn               j - ring of flight

@: lethally poisoned (-2 -> -19), flying, very quick
A: very small, no large weapons, unfitting armour, see invisible, speed 3
a: Renounce Religion, Receive Corpses


You were on level 3 of the Dungeon.
You worshipped Kikubaaqudgha.
Kikubaaqudgha was aware of your devotion.
You visited 1 branch of the dungeon, and saw 3 of its levels.

You collected 99 gold pieces.

Inventory:

Hand Weapons
 c - a +0 short sword
 e - a +2 short sword of venom
 n - the +2 mace of Hacking and Slashing (weapon) {flame, Str+4 Dex+4}
   (You found it on level 3 of the Dungeon)

   It burns those it strikes, dealing additional fire damage.
   Str:       It affects your strength (+4).
   Dex:       It affects your dexterity (+4).
Missiles
 d - 3 atropa-tipped darts
Armour
 a - a +0 robe (worn)
 h - a +0 leather armour
Jewellery
 i - a ring of see invisible (left hand)
 j - a ring of flight (right hand)
Scrolls
 b - a scroll of identify {unknown}
 l - a scroll of fog {unknown}
 m - a scroll of magic mapping {unknown}
Potions
 f - a potion of mutation {unknown}
 g - a potion of haste {unknown}
 k - a potion of degeneration {unknown}


   Skills:
 + Level 2.8 Dodging
 + Level 3.2 Stealth
 + Level 2.9 Spellcasting
 + Level 3.6 Conjurations


You had 6 spell levels left.
You knew the following spells:

 Your Spells              Type           Power      Damage    Failure   Level
a - Magic Dart            Conj           64%        1d6       3%          1

Your spell library contained the following spells:

 Spells                   Type           Power      Damage    Failure   Level
 Searing Ray              Conj           32%        2d5       4%          2
 Animate Skeleton         Necr           4%         N/A       16%         1
 Pain                     Necr           8%         1d4       16%         1
 Dazzling Flash           Conj/Hex       18%        N/A       22%         3
 Vampiric Draining        Necr           2%         2d6       43%         3
 Fulminant Prism          Conj/Hex       4%         3d6       56%         4
 Iskenderun's Mystic Bla  Conj/Tloc      9%         2d4       56%         4
 Agony                    Necr           2%         N/A       99%         5


Dungeon Overview and Level Annotations

Branches:
Dungeon (3/15)

Altars:
Kikubaaqudgha


Innate Abilities, Weirdness & Mutations

You are very small and have problems with some larger weapons.
You are too small for most types of armour.
You have supernaturally acute eyesight. (SInv)
You cover ground extremely quickly. (Speed+++)


Message History

You kill the rat!
Kikubaaqudgha accepts your kill.
Found a scroll labelled JEAWONT HIECOK.
m - a scroll labelled JEAWONT HIECOK
Found a polished mace.
Found a stone staircase leading down.
You see here the +2 mace of Hacking and Slashing {flame, Str+4 Dex+4}.
Your +2 short sword of venom stops dripping with poison.
You feel stronger.
You feel agile.
The +2 mace of Hacking and Slashing {flame, Str+4 Dex+4} bursts into flame!
n - the +2 mace of Hacking and Slashing (weapon)
{flame, Str+4 Dex+4}
Found a leather armour.
There is a stone staircase leading down here.
You see here a +0 leather armour.
There is a stone staircase leading down here.
Found a stone staircase leading down.
A sourceless malevolence fills the Dungeon... and a teleportation trap spontaneously manifests!
You are yanked towards some nearby monsters!
Your surroundings suddenly seem different.
A hobgoblin and 6 goblins come into view.
A goblin is wielding a +4 dagger of venom.
Found 13 arrows, 2 gold pieces, a scroll labelled MAMUOSKYXO and an ivory wand.
The goblin shouts! x2
Unknown command.
Unknown command.
The goblin shouts! x2
The goblin hits you with a +0 dagger. The goblin closely misses you.
The goblin hits you with a +0 dagger.
The goblin hits you with a +4 dagger of venom.
You are poisoned.
The goblin completely misses you. The goblin hits you but does no damage.
You closely miss the goblin. You punch the goblin, but do no damage.
You feel very sick.
The goblin hits you with a +4 dagger of venom.
* * * LOW HITPOINT WARNING * * *
You are more poisoned.
The goblin misses you. The goblin completely misses you.
The goblin hits you with a +0 dagger.
You die...
Kikubaaqudgha rasps: "You have failed me!
Welcome... death!"

#########
#..(.$..#
#8.....8#
#..g....#
#8ggg..8#
#.g@gg..#
#8.....8#
#.......#
#8.....8#
#.........
#......?###
##.####.#
#/# .#


You could see a hobgoblin and 6 goblins.

Vanquished Creatures
  An adder skeleton (D:2)
  A worm (D:2)
  An endoplasm (D:1)
  A goblin (D:1)
  8 hobgoblins
  3 jackals (D:2)
  2 quokkas
  2 ball pythons (D:1)
  A bat (D:1)
  3 frilled lizards (D:1)
  3 kobolds
  4 rats
30 creatures vanquished.

Notes
Turn   | Place    | Note
-------+----------+-------------------------------------------
     0 | D:1      | psko the Spriggan Conjurer began the quest for the Orb.
     0 | D:1      | Reached XP level 1. HP: 9/9 MP: 5/5
   255 | D:1      | Reached XP level 2. HP: 11/13 MP: 3/6
  1186 | D:2      | Reached XP level 3. HP: 16/16 MP: 1/8
  1210 | D:2      | Found a faded altar of an unknown god.
  1224 | D:2      | Prayed at the altar of an unknown god.
  1224 | D:2      | Became a worshipper of Kikubaaqudgha
  1224 | D:2      | Reached * piety under Kikubaaqudgha
  1224 | D:2      | Received a gift from Kikubaaqudgha
  1736 | D:3      | Identified the +2 mace of Hacking and Slashing {flame,
                  | Str+4 Dex+4}
  1785 | D:3      | Slain by a goblin

Illustrated notes

Levels and vault maps discovered:
D:1:      amcnicky_arrival_blooded_trapdoor, layout_rooms, minmay_cut_off
D:2:      layout_rooms, hellmonk_ecumenical_altar_arch_garden
D:3:      kennysheep_the_goblin_king, layout_loops_ring,
          minmay_shallow_snake_nest

Skill      XL: |  1 |
---------------+----+-----
Conjurations   | 3 |  3.6
Dodging        | |  2.8
Stealth        | |  3.2
Spellcasting   | |  2.9

Action                   || total
-------------------------++-------
Melee: Short sword       ||    42
       Mace              ||     1
       Punch             ||     1
 Cast: Magic Dart        ||    46
Armor: Robe              ||     7
Dodge: Dodged            ||    44
